 Dungeon Crawl Stone Soup version bcrawl-1.19.1 (webtiles) character file.

Game seed: 380167068484156317

1162 diana the Chopper (level 8, -1/70 HPs)
             Began as a Minotaur Sloth Apostle on Nov 28, 2019.
             Was an Elder of Cheibriados.
             Slain by an iguana (7 damage)
             ... on level 5 of the Dungeon.
             The game lasted 00:04:17 (4607 turns).

diana the Chopper (Minotaur Sloth Apostle)          Turns: 4607, Time: 00:04:18

Health: -1/70      AC: 10    Str: 29    XL:     8   Next: 17%
Magic:  10/10      EV:  6    Int: 18    God:    Cheibriados [****..]
Gold:   392        SH: 11    Dex: 18    Spells: 8/9 levels left

rFire    x . .     SeeInvis .   a - +0 hand axe
rCold    + . .     Gourm    .   c - +0 shield
rNeg     . . .     Faith    .   n - +0 chain mail
rPois    .         Spirit   .   (helmet restricted)
rElec    .         Reflect  .   m - +1 cloak
rCorr    .         Harm     .   (no gloves)
MR       .....                  (no boots)
Stlth    ..........             E - amulet of magic regeneration
HPRegen  0.21/turn              g - ring of ice
MPRegen  0.37/turn              (no ring)

@: very slow
A: retaliatory headbutt, horns 2
a: Bend Time, Temporal Distortion, Slouch, Renounce Religion


You were on level 5 of the Dungeon.
You worshipped Cheibriados.
Cheibriados was greatly pleased with you.
You were not hungry.

You visited 1 branch of the dungeon, and saw 5 of its levels.
You also visited: Ossuary.

You collected 392 gold pieces.

Inventory:

Hand Weapons
 a - a +0 hand axe (weapon)
Missiles
 s - 2 throwing nets (quivered) {!f}
Armour
 b - a +0 robe
 c - a +0 shield (worn)
 j - a +0 large shield
 m - a +1 cloak (worn)
 n - a +0 chain mail (worn)
Jewellery
 g - a ring of ice (left hand)
 E - an amulet of magic regeneration (around neck)
Wands
 d - a wand of paralysis (10)
 l - a wand of iceblast (12)
 p - a wand of flame (20)
Scrolls
 o - a scroll of noise {unknown}
 r - a scroll of fear {unknown}
 v - 5 scrolls of identify {unknown}
 w - 3 scrolls of enchant weapon {unknown}
 y - 3 scrolls of remove curse {unknown}
 A - 3 scrolls of teleportation {unknown}
Potions
 e - a potion of haste {unknown}
 h - a potion of ambrosia {unknown}
 i - a potion of heal wounds {unknown}
 k - 2 potions of curing
 q - a potion of berserk rage {unknown}
 t - 2 potions of mutation {unknown}
 u - 3 potions of lignification {unknown}
 x - a potion of degeneration {unknown}
 z - a potion of agility {unknown}
 B - a potion of flight {unknown}
 C - 2 potions of resistance {unknown}
 D - a potion of might {unknown}
Comestibles
 f - 11 rations {!d}


   Skills:
 + Level 5.7 Fighting
 * Level 7.8 Axes
 - Level 2.6 Stealth
 + Level 5.5 Shields
 - Level 1.0 Spellcasting
 - Level 0.5 Hexes
 + Level 4.1 Invocations
 - Level 0.8 Evocations


You had 8 spell levels left.
You knew the following spells:

 Your Spells              Type           Power        Failure   Level  Hunger
a - Slow                  Hex            #.......     98%         1    ##.....
Your spell library was empty.

Dungeon Overview and Level Annotations

Branches:
Dungeon (5/12)             Temple (0/1) D:5

Altars:
Trog


Innate Abilities, Weirdness & Mutations

You reflexively headbutt those who attack you in melee.
You have a pair of horns on your head.


Message History

You feel better. You block the centaur's attack.
The gnoll hits you but does no damage. The gnoll barely misses you.
You furiously retaliate!
You headbutt the gnoll.
The centaur hits you but does no damage.
The iguana barely misses you. The gnoll closely misses you.
Unknown command.
You barely miss the centaur. You hit the gnoll but do no damage.
You slash the iguana! You hit the gnoll but do no damage.
The gnoll hits you but does no damage. You block the gnoll's attack.
The centaur hits you.
* * * LOW HITPOINT WARNING * * *
You block the gnoll's attack.
Unknown command.
Okay, then.
You hit the centaur. You headbutt the centaur!
The centaur is almost dead.
You hit the gnoll. You hit the iguana. You hit the gnoll.
You block the centaur's attack. The gnoll completely misses you.
The iguana bites you!
You die...

###.## ..#...... #....# #
.. .........##....### #.
.. ...............#.#
#.##. #........#.......#
#.... #........ #.......
#..##gg......##.#.....
#...g.c..##.....#.....
#..##...l@g..###....##.##.
#........##.........##....
#..##.#.†#...........#....
# ##......##..........
##$....##........).
#.....##.........#
##..#.###..##....#
##.##†.....#..###
#..............#


You could see a centaur, an iguana and 4 gnolls.

Vanquished Creatures
  Grinder (D:5)
  A wraith (Ossuary)
  A crocodile (D:4)
  A phantom (D:4)
  A necrophage (D:4)
  A howler monkey (D:5)
  2 crimson imps (D:4)
  3 hounds
  A bullfrog skeleton (D:5)
  An iguana (D:3)
  3 worker ants
  A mummy (Ossuary)
  A worker ant zombie (D:4)
  10 adders
  A worm (D:2)
  3 dart slugs
  6 leopard geckos
  2 orcs (D:3)
  5 giant cockroaches
  6 goblins
  8 hobgoblins
  11 jackals
  3 quokkas (D:5)
  5 bats
  A frilled lizard (D:2)
  6 gnoll skeletons (Ossuary)
  A gnoll zombie (D:5)
  A goblin zombie (D:5)
  A jackal skeleton (D:4)
  9 kobolds
  9 kobold skeletons (Ossuary)
  10 orc skeletons (Ossuary)
  A quokka skeleton (D:5)
  10 rats
127 creatures vanquished.

Notes
Turn   | Place    | Note
-------+----------+-------------------------------------------
     0 | D:1      | diana the Minotaur Sloth Apostle began the quest for the
                  | Orb.
     0 | D:1      | Reached XP level 1. HP: 18/18 MP: 1/1
   309 | D:1      | Reached XP level 2. HP: 25/25 MP: 2/2
   352 | D:1      | Reached skill level 3 in Axes
  1173 | D:2      | Reached skill level 1 in Invocations
  1315 | D:2      | Reached XP level 3. HP: 8/31 MP: 3/3
  1841 | D:2      | Reached * piety under Cheibriados
  2044 | D:2      | Reached XP level 4. HP: 9/38 MP: 4/4
  2050 | D:2      | Reached skill level 4 in Axes
  2736 | D:3      | Reached ** piety under Cheibriados
  2742 | D:3      | Reached XP level 5. HP: 43/45 MP: 5/5
  3153 | D:3      | Noticed a moth of wrath
  3156 | D:3      | Found a bloodstained altar of Trog.
  3270 | D:4      | Reached skill level 5 in Axes
  3292 | D:4      | Noticed a phantom
  3305 | D:4      | Killed a phantom
  3305 | D:4      | Reached XP level 6. HP: 37/52 MP: 6/6
  3400 | D:4      | Noticed a crocodile
  3414 | D:4      | Killed a crocodile
  3664 | D:4      | Reached skill level 6 in Axes
  3664 | D:4      | Reached XP level 7. HP: 54/59 MP: 8/8
  4014 | D:5      | Entered Level 5 of the Dungeon
  4025 | D:5      | Found a sand-covered staircase.
  4033 | D:5      | Reached *** piety under Cheibriados
  4042 | Ossuary  | Entered an ossuary
  4042 | Ossuary  | Noticed a wraith
  4042 | Ossuary  | Noticed a wraith
  4042 | Ossuary  | Noticed a wraith
  4087 | Ossuary  | Noticed a wraith
  4110 | Ossuary  | Killed a wraith
  4110 | Ossuary  | Reached skill level 5 in Fighting
  4203 | Ossuary  | Reached skill level 5 in Shields
  4244 | D:5      | Noticed Grinder
  4249 | D:5      | Reached skill level 7 in Axes
  4252 | D:5      | Reached **** piety under Cheibriados
  4252 | D:5      | Paralysed by Grinder for 4 turns
  4259 | D:5      | Killed Grinder
  4259 | D:5      | Reached XP level 8. HP: 49/68 MP: 9/9
  4534 | D:5      | Found a staircase to the Ecumenical Temple.
  4604 | D:5      | HP: 2/70 [gnoll/+0 flail (4)]
  4607 | D:5      | Slain by an iguana

Skill      XL: |  1  2  3  4  5  6  7  8 |
---------------+-------------------------+-----
Axes           | 3 4 5 6 7 |  7.8
Invocations    | 1 2 3 4 |  4.1
Fighting       | 3 4 5 |  5.7
Shields        | 3 4 5 |  5.5
Stealth        | |  2.6
Spellcasting   | |  1.0
Hexes          | |  0.5
Evocations     | |  0.8

Action                   |  1- 3 |  4- 6 |  7- 9 || total
-------------------------+-------+-------+-------++-------
Melee: Hand axe          |    87 |   108 |   131 ||   326
       Headbutt          |    13 |    29 |    37 ||    79
  Use: Potion            |       |       |     2 ||     2
 Stab: Sleeping          |     5 |     1 |       ||     6
  Eat: Chunk             |     4 |     2 |     2 ||     8
Armor: Robe              |    16 |     7 |       ||    23
       Chain mail        |       |    38 |    62 ||   100
Dodge: Dodged            |    30 |    24 |    31 ||    85
Block: Shield            |    33 |    44 |    72 ||   149
